 Dungeon Crawl Stone Soup version 0.32-a0-485-g70f7560b1c (webtiles) character file.

Game seed: 15184469293976963561

182 Malificent the Sneak (level 5, 0/53 HPs)
             Began as a Troll Delver on Feb 26, 2024.
             Slain by an iguana (8 damage)
             ... on level 5 of the Dungeon.
             The game lasted 00:01:07 (277 turns).

Malificent the Sneak (Troll Delver)                  Turns: 277, Time: 00:01:08

Health: 0/53       AC:  4    Str: 22    XL:     5   Next: 35%
Magic:  4/4        EV: 10    Int:  6    God:
Gold:   30         SH:  0    Dex: 11    Spells: 4/4 levels left

rFire   . .          .
                       - Unarmed
rCold   . . .        (no shield)
rNeg    . . .        a - +0 robe
rPois   .            (helmet restricted)
rElec   .            (no cloak)
rCorr   .            (gloves unavailable)
SInv    .            (boots unavailable)
Will    .....        (no amulet)
Stlth   ++           (no ring)
HPRegen 1.08/turn    (no ring)
MPRegen 0.09/turn

%: no passive effects
@: lethally poisoned (0 -> -7)
A: large, unfitting armour, claws 3, regeneration 1, shaggy fur 1, tough skin 1
a: no special abilities


You were on level 5 of the Dungeon.
You visited 1 branch of the dungeon, and saw 1 of its levels.

You collected 30 gold pieces.

Inventory:

Armour
 a - a +0 robe (worn)
Wands
 f - a wand of digging (3)
Scrolls
 b - a scroll of fog
 c - a scroll of revelation
 d - a scroll of fear
 h - a scroll of identify {unknown}
Potions
 e - 2 potions of haste
 g - a potion of lignification {unknown}


   Skills:
 + Level 3.0 Fighting
 + Level 1.8 Dodging
 + Level 3.9 Stealth
 + Level 2.6 Unarmed Combat


You had 4 spell levels left.
You didn't know any spells.
Your spell library was empty.

Dungeon Overview and Level Annotations

Branches:
Dungeon (5/15)
 Temple: D:4-7

Altars:


Innate Abilities, Weirdness & Mutations

You are too large for most types of armour.
You have claws for hands.
Your natural rate of healing is unusually fast.
You are covered in fur. (AC +1)
You have tough skin. (AC +1)


Message History

Things that are here:
a +0 flail; a +0 scale mail You closely miss the orc.
The orc wizard gestures at you while chanting.
You are confused.
The orc barely misses you.
You bump into the rock wall.
The orc wizard mumbles some strange words.
The orc wizard flickers and vanishes!
Deactivating autopickup; reactivate with Ctrl-A.
The orc hits you but does no damage.
You bump into the rock wall.
Something hits you.
You are poisoned.
The orc hits you with a +0 club.
You bump into the rock wall.
You feel very sick. Something hits you. The orc closely misses you.
You barely miss something.
You feel sick. Something hits you.
You are more poisoned.
The orc hits you with a +0 club.
You closely miss the orc.
You feel very sick.
You hear some strange, mumbled words.
A magic dart appears from out of thin air!
The magic dart hits you.
You feel less confused.
You feel very sick. Something hits you.
You scratch something.
You feel very sick. The orc hits you with a +0 club. Something hits you.
You are more poisoned.
The iguana bites you!
* * * LOW HITPOINT WARNING * * *
You miss something.
You feel very sick. The orc hits you with a +0 club.
* * * LOW HITPOINT WARNING * * *
The iguana bites you!
You die...

## .. ## .. # #. .# .#.#
#.##.#######.#.
#.#............
######.#$#####....#
.....>.#o####....#
.......@{.>....#.#######
......l...##............
......##.?.....#.####.##
...... #..####.#.# #.#
..?.< #... ..#.. #.##
..... #..###...### #...
.... #.## #.#.# #####.
#### #.# #.#.. ..# #.
... ..#####.# #.


You could see an iguana and an orc.

Vanquished Creatures
  A black bear (D:5)
  A hound (D:5)
  A jelly (D:5)
  3 adders (D:5)
  4 orcs (D:5)
  A quokka (D:5)
11 creatures vanquished.

Notes
Turn   | Place    | Note
-------+----------+-------------------------------------------
     0 | D:5      | Malificent the Troll Delver began the quest for the Orb.
     0 | D:5      | Reached XP level 1. HP: 22/22 MP: 0/0
     4 | D:5      | Noticed a jelly
    25 | D:5      | Killed a jelly
    26 | D:5      | Reached XP level 2. HP: 25/29 MP: 1/1
    26 | D:5      | Reached XP level 3. HP: 32/36 MP: 2/2
    67 | D:5      | Noticed a black bear
    73 | D:5      | Killed a black bear
    74 | D:5      | Reached XP level 4. HP: 35/44 MP: 3/3
   147 | D:5      | Reached XP level 5. HP: 46/52 MP: 4/4
   277 | D:5      | Slain by an iguana

Illustrated notes

Levels and vault maps discovered:
D:5:      layout_basic

Skill      XL: |  1  2  3  4  5 |
---------------+----------------+-----
Stealth        | 3 |  3.9
Fighting       | 3 |  3.0
Dodging        | |  1.8
Unarmed Combat | |  2.6

Action                     |  1- 3 |  4- 6 || total
---------------------------+-------+-------++-------
  Melee: Unarmed           |     9 |    36 ||    45
         Punch             |     1 |       ||     1
 Armour: Robe              |     4 |    31 ||    35
  Dodge: Dodged            |    12 |    19 ||    31

Table legend: (Time is in decaauts)
 A = Elapsed time spent in this place.
 B = Non-inter-level travel time spent in this place.
 C = Inter-level travel time spent in this place.
 D = Time resting spent in this place.
 E = Time spent auto-exploring this place.
 F = Levels seen in this place.
 G = Mean time per level.
                   A        B        C        D        E       F      G
               +--------+--------+--------+--------+--------+-----+--------+
         Total |    274 |    274 |      0 |      9 |    162 |   1 |  274.0 |
       Dungeon |    274 |    274 |      0 |      9 |    162 |   1 |  274.0 |
               +--------+--------+--------+--------+--------+-----+--------+

Top non-repeatable levels by time:
     D:5: 274 daAuts
